 Dungeon Crawl Stone Soup version 0.23-a0-650-ga4d50d4 (webtiles) character file.

13720 Ereth the Spear-Bearer (level 11, -1/97 HPs)
             Began as a Minotaur Fighter on Jan 6, 2019.
             Was an Elder of Makhleb.
             Killed by nerve-wracking pain
             ... invoked by an orc priest
              (14 damage)
             ... on level 12 of the Dungeon.
             The game lasted 00:35:53 (10490 turns).

Ereth the Spear-Bearer (Minotaur Fighter)          Turns: 10490, Time: 00:35:53

Health: -1/97      AC: 15    Str: 25    XL:     11   Next: 79%
Magic:  11/11      EV:  6    Int:  8    God:    Makhleb [****..]
Gold:   345        SH: 21    Dex: 14    Spells: 10/10 levels left

rFire    + . .     SeeInvis .   z - +3 trident "Quysentir" {pierce, *Drain rElec rC- Dex+5}
rCold    x . .     Gourm    .   L - +2 large shield {rF+}
rNeg     . . .     Faith    .   r - +1 plate armour
rPois    .         Spirit   .   K - +0 hat
rElec    +         Reflect  .   (no cloak)
rCorr    .         Harm     .   (no gloves)
MR       .....                  (no boots)
Stlth    ..........             (no amulet)
HPRegen  0.26/turn              R - +3 ring of intelligence
MPRegen  0.12/turn              (no ring)

@: no status effects
A: retaliatory headbutt, horns 2
a: Minor Destruction, Lesser Servant of Makhleb, Major Destruction, Renounce
Religion


You were on level 12 of the Dungeon.
You worshipped Makhleb.
Makhleb was greatly pleased with you.
You were not hungry.

You visited 2 branches of the dungeon, and saw 13 of its levels.

You collected 713 gold pieces.
You spent 368 gold pieces at shops.

Inventory:

Hand Weapons
 a - a +0 trident
 q - a +0 halberd
 u - a +2 hunting sling of flaming
 z - the +3 trident "Quysentir" (weapon) {pierce, *Drain rElec rC- Dex+5}
   (You found it on level 5 of the Dungeon)

   It inflicts extra damage upon your enemies.
   It affects your dexterity (+5).
   It makes you vulnerable to cold.
   It insulates you from electricity.
   It causes draining when unequipped.
 N - a +2 dire flail of protection
 T - the +6 long sword of the Endless March {flame, rF++ rN+, unknown}
   (You found it on level 10 of the Dungeon)

   It has been specially enchanted to burn those struck by it, causing extra
   injury to most foes and up to half again as much damage against particularly
   susceptible opponents.
   Big, fiery blades are also staple armaments of hydra-hunters.
   It greatly protects you from fire.
   It protects you from negative energy.
Missiles
 j - 62 sling bullets
 s - a throwing net
 t - 3 tomahawks of returning
 C - 11 tomahawks (quivered)
 F - 2 tomahawks of dispersal
 V - 2 silver javelins
Armour
 b - a +0 scale mail
 c - a +0 shield
 e - a +0 chain mail
 r - a +1 plate armour (worn)
 K - a +0 hat (worn)
 L - a +2 large shield of fire resistance (worn)
Magical Staves
 A - an uncursed staff of wizardry {unknown}
Jewellery
 w - an uncursed ring of teleportation
 E - a -2 ring of intelligence
 I - an uncursed ring of ice {unknown}
 R - a +3 ring of intelligence (left hand)
Wands
 l - a wand of polymorph (10)
 D - a wand of random effects (9)
 Q - a wand of flame (18)
Scrolls
 k - 6 scrolls of remove curse
 p - 4 scrolls of magic mapping
 x - 5 scrolls of amnesia
 y - a scroll of fog
 H - a scroll of blinking
 J - 7 scrolls of teleportation
 M - 3 scrolls of fear
 S - 2 scrolls of enchant weapon {unknown}
 U - a scroll of silence
Potions
 d - a potion of might
 g - 6 potions of haste
 h - a potion of degeneration
 i - 2 potions of agility
 m - 2 potions of flight
 n - 2 potions of cancellation
 o - a potion of brilliance
 B - 3 potions of curing
 G - 2 potions of magic
 O - 3 potions of lignification {unknown}
Miscellaneous
 P - a box of beasts
Comestibles
 f - 27 rations
 W - 8 chunks of flesh


   Skills:
 + Level 9.1 Fighting
 + Level 12.9 Polearms
 + Level 4.9 Throwing
 + Level 9.3 Armour
 + Level 3.1 Dodging
 + Level 0.8 Stealth
 + Level 12.6 Shields
 + Level 1.6 Invocations
 + Level 0.2 Evocations


You had 10 spell levels left.
You didn't know any spells.
Your spell library contained the following spells:

 Spells                   Type           Power        Failure   Level  Hunger
 Sandblast                Erth           #.....       100%        1    ##.....
 Passwall                 Tmut/Erth      #.......     100%        2    ###....
 Stone Arrow              Conj/Erth      #.....       100%        3    ####...
 Petrify                  Tmut/Erth      #.......     100%        4    #####..
 Lee's Rapid Deconstruct  Erth           #.........   100%        5    ######.


Dungeon Overview and Level Annotations

Branches:
Dungeon (12/15)            Temple (1/1) D:6            Lair (0/6) D:11
    Orc: D:9-12

Altars:
Ashenzari
Cheibriados
Dithmenos
Elyvilon
Fedhas
Gozag
Hepliaklqana
Kikubaaqudgha
Makhleb
Nemelex Xobeh
Okawaru
Qazlal
Ru
Sif Muna
Trog
Uskayaw
Vehumet
Wu Jian
Xom
Yredelemnul
Zin
The Shining One

Shops:
D:7 ([[[[

Annotations:
D:7 2 transporters, Tovarisch's ghost, novice FeVM


Innate Abilities, Weirdness & Mutations

You reflexively headbutt those who attack you in melee.
You have a pair of horns on your head.


Message History

The green death gestures at you. You block the poison arrow.
You block the orc wizard's attack. The orc priest hits you with a +0 whip.
* * * LOW HITPOINT WARNING * * *
You feel better. You block the orc priest's attack.
The orc wizard hits you but does no damage.
The green death hits you!
* * * LOW HITPOINT WARNING * * *
The orc priest hits you but does no damage.
You impale the orc wizard!!
You kill the orc wizard!
Makhleb accepts your kill.
You feel better. You block the orc priest's attack.
The green death barely misses you. You furiously retaliate!
You headbutt the green death, but do no damage.
You closely miss the orc priest. You headbutt the orc priest!
The orc priest is severely wounded.
The orc priest mumbles some strange prayers to Beogh against you.
Pain shoots through your body!
You die...

.#.....#..........
.#.....#...########
...
.#.....#...'......#
...
.#.<...#...#......#
....
+...#......#.....
#...########.....
###................
...........2.).....$
###########o@....###
#o)....# #......#
#......# #......#
#......# #......#
########


You could see a green death and 2 orc priests.

Vanquished Creatures
  A centaur warrior (D:12)
  2 two-headed ogres
  2 centaur zombies
  3 kobold demonologists (D:11)
  A troll (D:9)
  Prince Ribbit (D:8)
  Grinder (D:3)
  2 hornets (D:9)
  3 hippogriffs
  A shadow (D:12)
  12 yaks
  A hungry ghost (D:9)
  2 porcupines (D:11)
  2 water moccasins
  6 orc warriors
  3 ice beasts
  5 sky beasts
  A phantom (D:10)
  A black bear (D:12)
  5 ogres
  4 centaurs
  4 crocodiles
  3 bullfrogs
  4 big kobolds
  A wyvern zombie (D:6)
  A scorpion (D:3)
  11 killer bees
  10 wights
  A howler monkey (D:9)
  5 crimson imps
  A quasit (D:9)
  4 hounds
  5 jellies
  3 bullfrog skeletons
  A bullfrog zombie (D:4)
  9 orc priests
  2 centaur skeletons
  18 orc wizards
  10 worker ants
  Natasha (thrice) (D:2)
  2 iguanas
  A hound skeleton (D:8)
  A worker ant zombie (D:6)
  A howler monkey zombie (D:7)
  3 gnolls (D:3)
  14 adders
  5 shadow imps
  An ooze (D:4)
  2 adder zombies (D:6)
  4 adder skeletons
  5 worms
  4 dart slugs (D:2)
  6 leopard geckos
  66 orcs
  2 ball pythons (D:1)
  7 bats
  6 giant cockroaches
  4 goblins
  11 hobgoblins
  13 jackals
  2 quokkas
  6 frilled lizards
  24 kobolds
  13 rats
358 creatures vanquished.

Vanquished Creatures (collateral kills)
  3 kobolds (D:10)
3 creatures vanquished.

Grand Total: 361 creatures vanquished

Notes
Turn   | Place    | Note
-------+----------+-------------------------------------------
     0 | D:1      | Ereth the Minotaur Fighter began the quest for the Orb.
     0 | D:1      | Reached XP level 1. HP: 19/19 MP: 0/0
    90 | D:1      | Reached XP level 2. HP: 13/27 MP: 1/1
   823 | D:1      | Reached XP level 3. HP: 33/33 MP: 2/2
  1541 | D:2      | Noticed Natasha
  1547 | D:2      | Killed Natasha
  1547 | D:2      | Reached XP level 4. HP: 37/40 MP: 3/3
  1591 | D:2      | Reached skill level 1 in Dodging
  1807 | D:2      | Noticed Natasha
  1820 | D:2      | Killed Natasha
  2385 | D:2      | Noticed Natasha
  2390 | D:2      | Reached XP level 5. HP: 44/47 MP: 4/4
  2394 | D:2      | Killed Natasha
  2598 | D:3      | Reached skill level 5 in Polearms
  2620 | D:3      | Reached XP level 6. HP: 9/53 MP: 5/5
  3030 | D:3      | Found a faded altar of an unknown god.
  3030 | D:3      | Found a sparkling altar of Nemelex Xobeh.
  3035 | D:3      | Found a glowing golden altar of the Shining One.
  3037 | D:3      | Found a faded altar of an unknown god.
  3038 | D:3      | Noticed Grinder
  3039 | D:3      | Found an opulent altar of Gozag.
  3043 | D:3      | Paralysed by Grinder for 2 turns
  3053 | D:3      | Killed Grinder
  3053 | D:3      | Reached skill level 5 in Fighting
  3053 | D:3      | Reached skill level 5 in Armour
  3609 | D:4      | Reached XP level 7. HP: 58/61 MP: 6/6
  3699 | D:4      | Reached skill level 5 in Shields
  4172 | D:4      | Found a glowing silver altar of Zin.
  4589 | D:5      | Entered Level 5 of the Dungeon
  4612 | D:5      | Got a crystal trident
  4619 | D:5      | Identified the +3 trident "Quysentir" {pierce, *Drain rElec
                  | rC- Dex+5} (You found it on level 5 of the Dungeon)
  4650 | D:5      | Reached XP level 8. HP: 57/69 MP: 7/7
  4858 | D:5      | Reached skill level 1 in Throwing
  5617 | D:6      | Found a staircase to the Ecumenical Temple.
  5652 | Temple   | Entered the Ecumenical Temple
  5728 | Temple   | Became a worshipper of Makhleb the Destroyer
  5906 | D:6      | Found a blossoming altar of Fedhas.
  6205 | D:6      | Found a stormy altar of Qazlal.
  6410 | D:7      | Reached XP level 9. HP: 66/75 MP: 8/8
  6527 | D:7      | Found Healaappe's Antique Armour Shoppe.
  6550 | D:7      | Found Othreheip's Armour Shoppe.
  6623 | D:7      | Found Izew Jud's Antique Armour Shoppe.
  6715 | D:7      | Reached * piety under Makhleb
  6724 | D:7      | Found a transporter.
  6728 | D:7      | Noticed Tovarisch's ghost (novice FeVM)
  6730 | D:7      | Noticed a moth of wrath
  6745 | D:7      | Found a transporter.
  6761 | D:7      | Found Laitet's Antique Armour Shop.
  6775 | D:7      | Reached skill level 10 in Polearms
  6865 | D:7      | Bought a hat for 128 gold pieces
  6865 | D:7      | Bought a runed large shield for 240 gold pieces
  6957 | D:7      | Found Toreeplu's Antique Weapon Shop.
  7177 | D:8      | Reached ** piety under Makhleb
  7451 | D:8      | Noticed Prince Ribbit
  7459 | D:8      | Killed Prince Ribbit
  7481 | D:8      | Reached XP level 10. HP: 81/86 MP: 9/9
  7893 | D:9      | Reached skill level 10 in Shields
  8036 | D:9      | Reached *** piety under Makhleb
  8265 | D:9      | Noticed a two-headed ogre
  8281 | D:9      | Killed a two-headed ogre
  8555 | D:9      | Found a hide-covered altar of Uskayaw.
  8735 | D:10     | Entered Level 10 of the Dungeon
  8810 | D:10     | Got a dazzling long sword
  8969 | D:10     | Noticed a two-headed ogre
  8991 | D:10     | Killed a two-headed ogre
  8991 | D:10     | Reached XP level 11. HP: 60/94 MP: 10/10
  9422 | D:11     | Reached **** piety under Makhleb
  9433 | D:11     | Found a staircase to the Lair.
 10375 | D:12     | Reached ***** piety under Makhleb
 10415 | D:12     | Reached skill level 1 in Invocations
 10417 | D:12     | Noticed a centaur warrior
 10426 | D:12     | Killed a centaur warrior
 10467 | D:12     | Noticed a green death
 10482 | D:12     | HP: 4/97 [green death/poison arrow[the player character]
                  | (32)]
 10490 | D:12     | Killed from afar by an orc priest

Vault maps used:
D:1:      sevenhm_arrival_forest_fort_large_2, serial_forest,
          infiniplex_forest_lined_4_way, infiniplex_forest_clump_medium,
          infiniplex_forest_lined_1, infiniplex_forest_clump_double,
          infiniplex_forest_corner_1, infiniplex_forest_clump_curved,
          infiniplex_forest_side_room, infiniplex_forest_straight_1,
          minmay_crystal_room
D:2:      grunt_ministairs_10, uniq_natasha
D:3:      chequers_temple_overflow_minitemple, uniq_grinder
D:4:      nicolae_overflow_hidden_temple, first_ration,
          minmay_fractal_squares_diagonal_5
D:6:      nicolae_qazlal_general_emergency,
          minmay_temple_entry_drinking_statues, grunt_ministairs_9,
          fedhas_altar_3
D:7:      gammafunk_ghost_berserking_beasts, serial_shops,
          nicolae_shop_overgrown_old_shop, shop_fountains, shop,
          nicolae_shop_crystal, nicolae_shop_overgrown_old_shop
D:8:      uniq_prince_ribbit1
D:9:      eat_drink_and_be_merry_uskayaw
D:11:     grunt_lair_entry_orc_guard_hut
D:12:     orc_0_dummy, hangedman_ranch, minivault_25_ag,
          minmay_the_grid_square_5x5_3x3_mashed
Temple:   eino_temple_scatter_basement

Skill      XL: |  1  2  3  4  5  6  7  8  9 10 11 |
---------------+----------------------------------+-----
Polearms       | 3 4 5 6 7 9 11 12 | 12.9
Fighting       | 4 5 7 8 9 |  9.1
Armour         | 4 5 7 8 9 |  9.3
Dodging        | 1 2 3 |  3.1
Shields        | 4 6 7 8 10 12 | 12.6
Throwing       | 2 3 4 |  4.9
Invocations    | 1 |  1.6
Stealth        | |  0.8
Evocations     | |  0.2

Action                   |  1- 3 |  4- 6 |  7- 9 | 10-12 || total
-------------------------+-------+-------+-------+-------++-------
Melee: Trident           |    77 |   123 |   415 |   453 ||  1068
       Headbutt          |     9 |    16 |    99 |   127 ||   251
Throw: Tomahawk          |       |       |    37 |    42 ||    79
       Throwing net      |       |       |     2 |       ||     2
Invok: Lesser Servant of |       |       |       |     1 ||     1
       Major Destruction |       |       |       |     1 ||     1
       Greater Servant o |       |       |       |     1 ||     1
Evoke: Wand              |       |       |     2 |     3 ||     5
  Use: Scroll            |     4 |     5 |     7 |     5 ||    21
       Potion            |       |       |     1 |     7 ||     8
  Eat: Chunk             |     2 |     4 |    10 |     4 ||    20
       Ration            |       |     1 |     1 |     2 ||     4
Armor: Scale mail        |    38 |     8 |       |       ||    46
       Chain mail        |       |    28 |       |       ||    28
       Plate armour      |       |    20 |   184 |   146 ||   350
Dodge: Dodged            |    17 |    26 |    91 |    49 ||   183
Block: Shield            |    34 |    70 |   163 |       ||   267
       Large shield      |       |       |    84 |   438 ||   522

Table legend:
 A = Non-vault XP
 B = Vault XP
 C = Vault XP percentage of total XP
 D = Non-vault monster count
 E = Vault monster count
 F = Vault count percentage of total count
                 A         B        C        D         E       F
            +---------+---------+-------+---------+---------+-------
      Total |   18158 |    1442 |   7.4 |     342 |      19 |   5.3
            +---------+---------+-------+---------+---------+-------
        D:1 |      50 |       0 |   0.0 |      30 |       0 |   0.0
        D:2 |     141 |      44 |  23.8 |      19 |       3 |  13.6
        D:3 |     178 |     272 |  60.4 |      24 |       1 |   4.0
        D:4 |     495 |     134 |  21.3 |      30 |       5 |  14.3
        D:5 |     489 |       0 |   0.0 |      21 |       0 |   0.0
        D:6 |     803 |     184 |  18.6 |      32 |       5 |  13.5
        D:7 |    1038 |       0 |   0.0 |      21 |       0 |   0.0
        D:8 |    2598 |     274 |   9.5 |      50 |       1 |   2.0
        D:9 |    3080 |       0 |   0.0 |      29 |       0 |   0.0
       D:10 |    4274 |       0 |   0.0 |      33 |       0 |   0.0
       D:11 |    2671 |     534 |  16.7 |      30 |       4 |  11.8
       D:12 |    2341 |       0 |   0.0 |      23 |       0 |   0.0
            +---------+---------+-------+---------+---------+-------
